 Dungeon Crawl Stone Soup version 0.31-a0-1074-g0b22e4e0f1 (webtiles) character file.

Game seed: 10644663736781363661

3506 quinnr the Zephyrmancer (level 10, 0/59 HPs)
             Began as a Tengu Air Elementalist on Dec 8, 2023.
             Was a Believer of Vehumet.
             Killed by their own static electricity (2 damage)
             ... on level 9 of the Dungeon.
             The game lasted 00:18:20 (9716 turns).

quinnr the Zephyrmancer (Tengu Air Elementalist)    Turns: 9716, Time: 00:18:21

Health: 0/59       AC:  2    Str:  9    XL:     10   Next: 7%
Magic:  8/18       EV: 18    Int: 19    God:    Vehumet [**....]
Gold:   298        SH:  0    Dex: 15    Spells: 7/19 levels left

rFire   . . .        (no weapon)
rCold   . . .        (no shield)
rNeg    . . .        a - +0 robe
rPois   .            (helmet restricted)
rElec   .            (no cloak)
rCorr   .            (no gloves)
SInv    .            (boots unavailable)
Will    .....        r - amulet of faith {!P}
Stlth   ++           (no ring)
HPRegen 0.29/turn    (no ring)
MPRegen 0.16/turn

%: acrobat, faith
@: flying
A: beak, talons 3, evasive flight, acrobatic
a: Renounce Religion


You were on level 9 of the Dungeon.
You worshipped Vehumet.
Vehumet was pleased with you.
You visited 2 branches of the dungeon, and saw 10 of its levels.
You also visited: Bailey.

You collected 298 gold pieces.


Innate Abilities, Weirdness & Mutations

You have a beak for a mouth.
You have claws for feet.
Your magical flight helps you evade attacks. (EV +4)
You can magically evade attacks while moving or waiting.


   Skills:
 - Level 5.0 Fighting
 + Level 4.9 Dodging
 - Level 2.0 Stealth
 - Level 5.0 Spellcasting
 + Level 9.2 Conjurations
 + Level 11.0 Air Magic
 - Level 4.0 Poison Magic


You had 7 spell levels left.
You knew the following spells:

 Your Spells              Type           Power      Damage    Failure   Level
a - Airstrike             Air            23%        2d(4-20)  1%          4
i - Swiftness             Air            46%        N/A       1%          3
p - Poisonous Vapours     Pois/Air       66%        N/A       1%          2
t - Static Discharge      Conj/Air       86%        3-7/arc   1%          2
z - Shock                 Conj/Air       100%       1d9       1%          1

Your spell library contained the following spells:

 Spells                   Type           Power      Damage    Failure   Level
 Inner Flame              Hex/Fire       4%         N/A       36%         3
 Sting                    Tmut/Pois      48%        1d5       5%          1
 Dazzling Flash           Conj/Hex       44%        N/A       5%          3
 Olgreb's Toxic Radiance  Pois           19%        N/A       24%         4
 Silence                  Hex/Air        12%        N/A       34%         5
 Agony                    Necr           4%         N/A       98%         5

Inventory:

Missiles
 c - 19 poisoned darts
 w - 2 javelins
Armour
 a - a +0 robe (worn)
Jewellery
 r - an amulet of faith (around neck) {!P}
 v - a ring of see invisible
 C - a ring of ice
Wands
 n - a wand of paralysis (8)
 q - a wand of digging (2)
 t - a wand of roots (1)
 u - a wand of flame (17)
 x - a wand of mindburst (11)
Scrolls
 e - 5 scrolls of vulnerability {unknown}
 h - a scroll of fear {unknown}
 i - 6 scrolls of teleportation {unknown}
 l - a scroll of fog {unknown}
 o - 2 scrolls of identify {unknown}
 p - 2 scrolls of amnesia {unknown}
 s - a scroll of acquirement {unknown}
 y - a scroll of revelation {unknown}
 A - a scroll of torment {unknown}
Potions
 b - 2 potions of berserk rage {unknown}
 d - 5 potions of heal wounds {unknown}
 f - a potion of degeneration {unknown}
 g - 2 potions of curing {@q1}
 j - a potion of resistance {unknown}
 k - 4 potions of cancellation {unknown}
 m - a potion of attraction {unknown}
 z - 5 potions of magic
 B - 3 potions of might {unknown}
 D - 2 potions of haste {unknown}
 E - 2 potions of mutation {unknown}

Dungeon Overview and Level Annotations

Branches:
Dungeon (9/15)             Temple (1/1) D:4          Bailey (visited)
   Lair: D:8-11         Orc: D:9-12

Altars:
Ashenzari
Cheibriados
Dithmenos
Elyvilon
Fedhas
Hepliaklqana
Kikubaaqudgha
Makhleb
Qazlal
Ru
Sif Muna
Uskayaw
Vehumet
Wu Jian
Xom
Yredelemnul

Shops:
D:1 :   D:2 =

Annotations:
D:1 1 transporter

#........#......................
# #.<...#...........<.......>..
##....#...............##.....
#....##########.############
#....# #..# ###### ##.# #.#
#####################.#
................@.....#
#######################


There were no monsters in sight!


Message History

Casting: Poisonous Vapours (safe; 1% risk of failure)
Confirm with . or Enter, or press ? or * to list all spells.
Aiming: Poisonous Vapours (safe; 1% risk of failure)
Press: ? - help, Dir - move target, f/p - yak
Aim: a yak (moderately wounded, very poisoned) Poisonous vapours surround the yak!
The yak looks as sick as possible!
The yak gores you.
* * * LOW HITPOINT WARNING * * *
Unknown command.
Casting: Poisonous Vapours (safe; 1% risk of failure)
Confirm with . or Enter, or press ? or * to list all spells.
The yak is struck by an arc of lightning!
The yak is heavily wounded.
You are struck by an arc of lightning.
* * * LOW HITPOINT WARNING * * *
The lightning grounds out.
The yak gores you!
* * * LOW HITPOINT WARNING * * *
Unknown command.
Unknown command.
Casting: Static Discharge (safe; 1% risk of failure)
Confirm with . or Enter, or press ? or * to list all spells.
The yak is struck by an arc of lightning.
The yak is almost dead.
You are struck by an arc of lightning.
The yak is struck by an arc of lightning!
You kill the yak!
Vehumet accepts your kill.
Vehumet offers you knowledge of Inner Flame.
You feel your power returning.
You are struck by an arc of lightning.
You die...

Skill      XL: |  1  2  3  4  5  6  7  8  9 10 |
---------------+-------------------------------+-----
Air Magic      | 5 6 7 8 10 11 | 11.0
Conjurations   | 2 6 9 |  9.2
Poison Magic   | 1 2 4 |  4.0
Fighting       | 2 4 5 |  5.0
Dodging        | 3 4 |  4.9
Spellcasting   | 3 4 5 |  5.0
Stealth        | |  2.0

Action                     |  1- 3 |  4- 6 |  7- 9 | 10-12 || total
---------------------------+-------+-------+-------+-------++-------
  Melee: Unarmed           |     7 |     4 |     3 |     1 ||    15
         Kick              |     2 |     2 |       |     1 ||     5
         Peck              |     2 |       |     1 |       ||     3
   Cast: Shock             |   103 |    77 |   165 |       ||   345
         Poisonous Vapours |       |    19 |    86 |     7 ||   112
         Swiftness         |       |     2 |     3 |       ||     5
         Static Discharge  |       |     2 |    20 |     1 ||    23
         Airstrike         |       |       |     4 |       ||     4
  Evoke: Wand              |       |       |     3 |       ||     3
    Use: Potion            |       |     2 |     1 |       ||     3
 Armour: Robe              |    11 |    26 |    71 |     8 ||   116
  Dodge: Dodged            |    25 |    15 |   127 |     1 ||   168

Levels and vault maps discovered:
D:1:      spicycebolla_arrival_risky_transporter, layout_loops_ring,
          serial_shops, nicolae_shop_tiny_glass, minmay_distorted
D:2:      layout_basic, serial_shops, nicolae_shop_behind_doors,
          nicolae_shop_tiny_glass, nicolae_diamond_shop, shop,
          nicolae_lakefront_shop
D:3:      layout_loops_cross, mainiacjoe_overflow_alcove_1, serial_shops, shop,
          uniq_ijyb
D:4:      layout_basic, worldfamousw_hep_ancestral_shrine,
          minmay_temple_entry_drinking_statues
D:5:      layout_layer_cave, uniq_eustachio
D:6:      layout_loops_corners, makhleb_blood_cavern_becter, kennysheep_potato
D:7:      layout_loops_ring
D:8:      layout_basic, marbit_many_paths
D:9:      layout_rooms, mainiacjoe_overflow_cross_hatched, enter_bailey_8
Temple:   eino_temple_water

Notes
Turn   | Place    | Note
-------+----------+-------------------------------------------
     0 | D:1      | quinnr the Tengu Air Elementalist began the quest for the
                  | Orb.
     0 | D:1      | Reached XP level 1. HP: 10/10 MP: 4/4
   231 | D:1      | Reached XP level 2. HP: 15/15 MP: 1/6
   338 | D:1      | Reached skill level 5 in Air Magic
   532 | D:1      | Found Onodyq's Book Shop.
   742 | D:1      | Reached XP level 3. HP: 19/19 MP: 2/7
  1306 | D:1      | Reached skill level 6 in Air Magic
  1582 | D:2      | Found Amuptyw's Jewellery Boutique.
  1583 | D:2      | Noticed an ogre
  1631 | D:2      | Learned a level 3 spell: Swiftness
  1817 | D:2      | Reached XP level 4. HP: 24/24 MP: 3/8
  1979 | D:2      | Reached skill level 2 in Conjurations
  2140 | D:3      | Noticed Ijyb
  2141 | D:3      | Paralysed by Ijyb for 3 turns
  2153 | D:3      | Paralysed by Ijyb for 4 turns
  2158 | D:3      | Killed Ijyb
  2371 | D:3      | Learned a level 2 spell: Poisonous Vapours
  2379 | D:4      | Reached skill level 1 in Poison Magic
  2379 | D:4      | Reached XP level 5. HP: 9/28 MP: 0/9
  2478 | D:4      | Reached skill level 7 in Air Magic
  2649 | D:4      | Noticed an ogre
  2671 | D:5      | Entered Level 5 of the Dungeon
  2719 | D:5      | Noticed an ogre
  3246 | D:5      | Reached skill level 2 in Poison Magic
  3304 | D:5      | Reached XP level 6. HP: 22/32 MP: 2/10
  3307 | D:5      | Learned a level 2 spell: Static Discharge
  3402 | D:4      | Found a staircase to the Ecumenical Temple.
  3411 | Temple   | Entered the Ecumenical Temple
  3428 | Temple   | Became a worshipper of Vehumet
  3638 | D:5      | Reached skill level 8 in Air Magic
  3638 | D:5      | Reached skill level 3 in Poison Magic
  3794 | D:5      | Reached skill level 4 in Poison Magic
  3794 | D:5      | Gained mutation: Your magical flight helps you evade
                  | attacks. (EV +4) [Tengu growth]
  3794 | D:5      | Reached XP level 7. HP: 8/36 MP: 8/11
  3979 | D:5      | Noticed Eustachio
  3987 | D:5      | Killed Eustachio
  3988 | D:5      | Reached skill level 1 in Fighting
  4241 | D:5      | Reached skill level 3 in Dodging
  4800 | D:5      | Reached skill level 2 in Fighting
  5083 | D:4      | Found a hazy altar of Hepliaklqana.
  5187 | D:4      | Reached skill level 3 in Spellcasting
  5187 | D:4      | Reached XP level 8. HP: 45/45 MP: 4/13
  5498 | D:6      | Reached skill level 9 in Air Magic
  5768 | D:6      | Reached skill level 3 in Fighting
  5856 | D:6      | Found a burning altar of Makhleb.
  5953 | D:6      | Reached skill level 4 in Spellcasting
  5977 | D:6      | Reached skill level 10 in Air Magic
  6118 | D:6      | Reached skill level 3 in Conjurations
  6546 | D:7      | Reached skill level 4 in Fighting
  6546 | D:7      | Reached skill level 4 in Conjurations
  6753 | D:7      | Reached skill level 5 in Conjurations
  6871 | D:7      | Reached skill level 6 in Conjurations
  6871 | D:7      | Reached XP level 9. HP: 52/52 MP: 10/16
  6972 | D:7      | Reached * piety under Vehumet
  6972 | D:7      | Offered knowledge of Kiss of Death by Vehumet.
  7185 | D:7      | Reached skill level 7 in Conjurations
  7662 | D:8      | Reached skill level 8 in Conjurations
  8133 | D:8      | Reached skill level 5 in Fighting
  8183 | D:8      | Learned a level 4 spell: Airstrike
  8371 | D:8      | Noticed a cyclops
  8608 | D:9      | Found a flagged portal.
  8661 | Bailey   | Entered a bailey
  8759 | Bailey   | Offered knowledge of Freeze by Vehumet.
  8788 | Bailey   | Reached ** piety under Vehumet
  9371 | D:9      | Reached skill level 4 in Dodging
  9382 | D:9      | HP: 3/54 [wyvern (13)]
  9397 | D:8      | HP: 4/52 [wight/+0 morningstar (2)]
  9626 | D:9      | Reached skill level 9 in Conjurations
  9672 | D:9      | Reached skill level 5 in Spellcasting
  9672 | D:9      | Reached XP level 10. HP: 59/59 MP: 18/18
  9706 | D:9      | Reached skill level 11 in Air Magic
  9715 | D:9      | HP: 2/59 [yak (17)]
  9716 | D:9      | Offered knowledge of Inner Flame by Vehumet.
  9716 | D:9      | Killed from afar by themself

Vanquished Creatures
  A wyvern (D:9)
  3 yaks (D:9)
  Eustachio (D:5)
  A water moccasin (D:8)
  3 orc warriors
  2 sky beasts (D:7)
  6 ogres
  An ice beast (D:6)
  2 centaurs
  A kobold brigand (D:8)
  A bullfrog (D:7)
  A gnoll sergeant (D:9)
  2 scorpions
  3 wights (D:8)
  8 killer bees
  4 hounds
  2 orc priests
  2 iguanas (D:5)
  Ijyb (D:3)
  9 orc wizards
  13 gnolls
  10 adders
  A shadow imp (D:7)
  2 dart slugs
  41 orcs
  6 ball pythons
  4 bats
  3 endoplasms
  A giant cockroach (D:2)
  6 goblins
  4 hobgoblins
  10 jackals
  10 kobolds
  5 quokkas
  6 frilled lizards (D:1)
  7 rats
183 creatures vanquished.

Table legend: (Time is in decaauts)
 A = Elapsed time spent in this place.
 B = Non-inter-level travel time spent in this place.
 C = Inter-level travel time spent in this place.
 D = Time resting spent in this place.
 E = Time spent auto-exploring this place.
 F = Levels seen in this place.
 G = Mean time per level.
                   A        B        C        D        E       F      G
               +--------+--------+--------+--------+--------+-----+--------+
         Total |   9712 |   9350 |    362 |    655 |   6870 |  11 |  882.9 |
       Dungeon |   9065 |   8737 |    328 |    632 |   6544 |   9 | 1007.2 |
        Temple |     39 |      6 |     33 |      0 |      0 |   1 |   39.0 |
        Bailey |    606 |    606 |      0 |     23 |    326 |   1 |  606.0 |
               +--------+--------+--------+--------+--------+-----+--------+

Top non-repeatable levels by time:
     D:5: 1936 daAuts
     D:1: 1602 daAuts
     D:7: 1263 daAuts
     D:8: 1157 daAuts
     D:4: 976 daAuts
     D:6: 885 daAuts
  Bailey: 606 daAuts
     D:3: 465 daAuts
     D:2: 421 daAuts
     D:9: 355 daAuts
  Temple: 39 daAuts

Table legend:
 A = Non-vault XP
 B = Vault XP
 C = Vault XP percentage of total XP
 D = Non-vault monster count
 E = Vault monster count
 F = Vault count percentage of total count
                 A         B        C        D         E       F
            +---------+---------+-------+---------+---------+-------
      Total |    4657 |     554 |  10.6 |     154 |      29 |  15.8
            +---------+---------+-------+---------+---------+-------
        D:1 |      65 |       4 |   5.8 |      38 |       3 |   7.3
        D:2 |      30 |       0 |   0.0 |      10 |       0 |   0.0
        D:3 |       2 |      36 |  94.7 |       1 |       1 |  50.0
        D:4 |     225 |       0 |   0.0 |      15 |       0 |   0.0
        D:5 |     713 |     172 |  19.4 |      18 |       1 |   5.3
        D:6 |     570 |      42 |   6.9 |      12 |       1 |   7.7
        D:7 |     920 |       0 |   0.0 |      23 |       0 |   0.0
        D:8 |     854 |       0 |   0.0 |      25 |       0 |   0.0
        D:9 |    1278 |       0 |   0.0 |      12 |       0 |   0.0
     Bailey |       0 |     300 | 100.0 |       0 |      23 | 100.0
            +---------+---------+-------+---------+---------+-------

Levels and vault maps discovered:
D:1:      spicycebolla_arrival_risky_transporter, layout_loops_ring,
          serial_shops, nicolae_shop_tiny_glass, minmay_distorted
D:2:      layout_basic, serial_shops, nicolae_shop_behind_doors,
          nicolae_shop_tiny_glass, nicolae_diamond_shop, shop,
          nicolae_lakefront_shop
D:3:      layout_loops_cross, mainiacjoe_overflow_alcove_1, serial_shops, shop,
          uniq_ijyb
D:4:      layout_basic, worldfamousw_hep_ancestral_shrine,
          minmay_temple_entry_drinking_statues
D:5:      layout_layer_cave, uniq_eustachio
D:6:      layout_loops_corners, makhleb_blood_cavern_becter, kennysheep_potato
D:7:      layout_loops_ring
D:8:      layout_basic, marbit_many_paths
D:9:      layout_rooms, mainiacjoe_overflow_cross_hatched, enter_bailey_8
Temple:   eino_temple_water
